Workbook
Name jk: #REF!
Name jk: #REF!
Name years_contract: [1]Kerlink!$D$5

Sheet Summary
C1: No: 0008/IRR/IBC/III/2024
C2: Product : | D2: IBS / DAS | M2: KNOWLEDGE HUB
C3: Status P&L | D3: New Building | J3: Tanggal P&L: | M3: 45371
B5: Site Information | E5: Technical Information | J5: Financial Summary
B6: Site Name | D6: Knowledge Hub | E6: IBC | K6: Capex /antenna | M6: =M11/H7 -> 15808252 | O6: =M6-'IRR with FO'!F8 -> 6808252.4
B7: Address | E7: Antena PKS BM | H7: ='IRR with FO'!$F$13 -> 103 | K7: Contract Period (thn) | M7: 10
B8: Area building | E8: Antena Asset | H8: 0 | K8: Interest rate /year | M8: ='IRR with FO'!$F$4 -> 0.1
B9: Type of building | E9: Jumlah Pole Makro | H9: 3 | K9: Kurs 1USD | M9: 0
B10: Status | E10: OPENET | K10: Total Revenue | M10: ='IRR with FO'!R27 -> 3016000000
B11: Total floor | D11: 5 | E11: Cable FO (Core) | H11: 0 | K11: Total Capex DAS | M11: ='IRR with FO'!R13+'IRR with FO'!R14 -> 1628250000
B12: No of building tower | D12: 1 | E12: Cable FO (meter) | H12: 0 | K12: Total Capex CME | M12: ='IRR with FO'!R15 -> 263000000
K13: Total COGS Rent
E14: Drop Wire (meter) | H14: 0 | K14: Total COGS Other | M14: ='IRR with FO'!R34 -> 2.0256081e+08
E15: OTHERS | K15: IRR | M15: ='IRR with FO'!$F$50 -> Positive
K16: NPV | M16: ='IRR with FO'!$F$51 -> 6.7307196e+08
K17: EBITDA margin | M17: ='IRR with FO'!$F$52 -> 0.93283793
K18: Payback (year) | M18: ='IRR with FO'!$F$53 -> 0
B20: Target to Achieve by Commercial: | L20: Prepared by
B21: Revenue | D21: : Min 2 tenants in Year 3 (Asumsi 1st Year 2 tenant) | L21: Citra K.
D22: : Semua Capex milik BM (Direimburse ke BM)
D23: : Konsep Manage Service (Reimburse Sparepart)
D24: : TOP Capex BM ke IBS min 2x (thn 1 dan 2)
B26: Approved by

Sheet Summary2
C1: No:0041/IRR/IBC/XI/2024
C2: Product : | D2: IBS / DAS | M2: =D6 -> ArtOtel Kota Wisata
C3: Status P&L | D3: New Building Willing to Pay | J3: Tanggal P&L: | M3: 45622
B5: Site Information | E5: Technical Information | J5: Financial Summary
B6: Site Name | D6: ArtOtel Kota Wisata | E6: IBC | K6: Capex /antenna | M6: ='IRR '!G13/H7 -> 4446869.1
B7: Address | E7: Antena PKS BM | H7: 55 | K7: Contract Period (thn) | M7: 5
B8: Area building | E8: Antena Asset | H8: 0 | K8: Interest rate /year | M8: ='IRR with FO'!$F$4 -> 0.1
B9: Type of building | E9: Jumlah Pole Makro | K9: Kurs 1USD | M9: 0
B10: Status | E10: OPENET | K10: Total Revenue | M10: ='IRR '!R31 -> 401264470
B11: Total floor | D11: 9 | E11: Cable FO (Core) | H11: 0 | K11: Total Capex DAS | M11: ='IRR '!G13 -> 244577800
K12: Total FO Backbone | M12: ='IRR '!G14 -> 0
B13: No of building tower | D13: 1 | E13: Cable FO (meter) | H13: 0 | K13: Total Capex Repeater | M13: ='IRR '!G15 -> 0
K14: Total Capex CME
K15: Total COGS Rent
E16: Drop Wire (meter) | H16: 0 | K16: Total COGS Other | M16: ='IRR '!R39 -> 64540402
E17: OTHERS | K17: IRR | M17: ='IRR '!F55 -> 0.22899643
K18: NPV | M18: ='IRR '!F56 -> 13812332
K19: EBITDA margin | M19: ='IRR '!F57 -> 0.83915745
K20: Payback (year) | M20: ='IRR '!F58 -> 1.680484
B22: Target to Achieve by Commercial: | L22: Prepared by
C23: Aset milik BM | L23: Citra K.
C24: Pembayaran One time charge
C25: Sparepart di reimburse ke Gedung
C26: Listrik dibayar oleh Gedung
B28: Approved by

Sheet IRR with FO
B1: NO : | C1: 0008/IRR/IBC/III/2024 | R1: =Summary!$D$6 -> Knowledge Hub
B2: General Asumption
C3: Tax Rate | F3: 0.02
C4: Interest Rate | F4: 0.1
C5: SG&A | F5: 0.02 | G5: Increase every year, start based 50 mio
C6: BHPUSO | F6: 0 | G6: from Revenues
C7: Price Adjustment after 5 year | F7: 0.15
C8: Capex per antenna | F8: 9000000
C9: Migrasi per operator | F9: 150000000
G11: Y1 | H11: Y2 | I11: Y3 | J11: Y4 | K11: Y5 | L11: Y6 | M11: Y6 | N11: Y7 | O11: Y8 | P11: Y9 | Q11: Y10 | R11: Total
B12: CAPEX
B13: Total CAPEX | E13: DAS | F13: 103 | G13: =($F$13*$F$8) -> 927000000 | H13: 0 | I13: 0 | J13: 0 | R13: =SUM(G13:Q13) -> 927000000
E14: FO Backbone | G14: 701250000 | R14: =SUM(G14:Q14) -> 701250000
E15: Repeater | G15: 263000000 | R15: =SUM(G15:Q15) -> 263000000
R16: =SUM(R13:R15) -> 1891250000
B18: IRR Calculation | G18: 2024 | H18: 2025 | I18: 2026 | J18: 2027 | K18: 2028 | L18: =K18+1 -> 2029 | M18: =L18+1 -> 2030 | N18: =M18+1 -> 2031 | O18: =N18+1 -> 2032 | P18: =O18+1 -> 2033 | Q18: =P18+1 -> 2034 | R18: Total
B19: Months of Service | G19: 12 | H19: 12 | I19: 12 | J19: 12 | K19: 12 | L19: 12 | M19: 12 | N19: 12 | O19: 12 | P19: 12 | Q19: 12
B20: % increase (decrease) | M20: 0.1
B22: Revenues
C23: Bill to BM DAS | G23: =1000000000*95% -> 950000000 | H23: =1000000000-G23 -> 50000000 | J23: =$K$3 -> 0 | K23: =$K$3 -> 0 | L23: =$K$3 -> 0 | M23: =$K$3 -> 0 | N23: =$K$3*(1-$L$3) -> 0 | O23: =$K$3*(1-$L$3) -> 0 | P23: =$K$3*(1-$L$3) -> 0 | Q23: =$K$3*(1-$L$3) -> 0 | R23: =SUM($G23:Q23) -> 1000000000
C24: Manage service | G24: =85000000*2/2 -> 85000000 | H24: =85000000*2 -> 170000000 | I24: =H24 -> 170000000 | J24: =I24 -> 170000000 | K24: =J24 -> 170000000 | L24: =K24/2 -> 85000000 | M24: =$K$4 -> 0 | N24: =$K$4 -> 0 | O24: =$K$4 -> 0 | P24: =$K$4*(1-$L$4) -> 0 | Q24: =$K$4*(1-$L$4) -> 0 | R24: =SUM($G24:Q24) -> 850000000
C25: Bill to BM FO | G25: =866000000*95% -> 822700000 | H25: =866000000-G25 -> 43300000 | J25: =$K$5 -> 0 | K25: =$K$5 -> 0 | L25: =$K$5 -> 0 | M25: =$K$5 -> 0 | N25: =$K$5 -> 0 | O25: =$K$5*(1-$L$5) -> 0 | P25: =$K$5*(1-$L$5) -> 0 | Q25: =$K$5*(1-$L$5) -> 0 | R25: =SUM($G25:Q25) -> 866000000 | T25: =S25/G15 -> 0
C26: Bill to BM Repeater | G26: =300000000*95% -> 285000000 | H26: =300000000-G26 -> 15000000 | R26: =SUM($G26:Q26) -> 300000000
B27: Total Revenues | G27: =SUM(G23:G26) -> 2142700000 | H27: =SUM(H23:H26) -> 278300000 | I27: =SUM(I23:I26) -> 170000000 | J27: =SUM(J23:J26) -> 170000000 | K27: =SUM(K23:K26) -> 170000000 | L27: =SUM(L23:L26) -> 85000000 | M27: =SUM(M23:M26) -> 0 | N27: =SUM(N23:N26) -> 0 | ... R27: =SUM(R23:R26) -> 3016000000 | S27: =SUM(G27:Q27)-R27 -> 0
B29: OPEX
C30: Electricity
C31: Maintenance (Asumsi 1Dedicated) | G31: =(2500000*12)/2 -> 15000000 | H31: =2500000*12 -> 30000000 | I31: =H31 -> 30000000 | J31: =I31 -> 30000000 | K31: =J31 -> 30000000 | L31: =K31/2 -> 15000000 | R31: =SUM($G31:Q31) -> 150000000
R32: =SUM($G32:Q32) -> 0
C33: SG&A | G33: =PARAMETER!B14/2 -> 5000000 | H33: =PARAMETER!C14 -> 10200000 | I33: =PARAMETER!D14 -> 10404000 | J33: =PARAMETER!E14 -> 10612080 | K33: =PARAMETER!F14 -> 10824322 | L33: =PARAMETER!G14/2 -> 5520404 | R33: =SUM($G33:Q33) -> 52560806
B34: Total OPEX | G34: =SUM(G31:G33) -> 20000000 | H34: =SUM(H31:H33) -> 40200000 | I34: =SUM(I31:I33) -> 40404000 | J34: =SUM(J31:J33) -> 40612080 | K34: =SUM(K31:K33) -> 40824322 | L34: =SUM(L31:L33) -> 20520404 | M34: =SUM(M31:M33) -> 0 | N34: =SUM(N31:N33) -> 0 | ... R34: =SUM(R31:R33) -> 2.0256081e+08 | S34: =SUM(G34:Q34)-R34 -> 0
B35: Total EBITDA | G35: =G27-G34 -> 2122700000 | H35: =H27-H34 -> 238100000 | I35: =I27-I34 -> 129596000 | J35: =J27-J34 -> 129387920 | K35: =K27-K34 -> 1.2917568e+08 | L35: =L27-L34 -> 64479596 | M35: =M27-M34 -> 0 | N35: =N27-N34 -> 0 | ... R35: =R27-R34 -> 2.8134392e+09 | S35: =SUM(G35:Q35)-R35 -> 0
B36: Ebitda margin | H36: =H35/H27 -> 0.85555156 | I36: =I35/I27 -> 0.76232941 | J36: =J35/J27 -> 0.76110541 | K36: =K35/K27 -> 0.75985693 | L36: =L35/L27 -> 0.75858348 | M36: =M35/M27 -> #DIV/0! | N36: =N35/N27 -> #DIV/0! | O36: =O35/O27 -> #DIV/0! | ... R36: =R35/R27 -> 0.93283793
B38: Depreciation Expense | H38: =H66 -> 0 | I38: =I66 -> 0 | J38: =J66 -> 0 | K38: =K66 -> 0 | L38: =L66 -> 0 | M38: =M66 -> 0 | N38: =N66 -> 0 | O38: =O66 -> 0 | ... Q38: =Q66 -> 0 | R38: =SUM($G38:Q38) -> 0
B39: Total EBIT | G39: =G35-G38 -> 2122700000 | H39: =H35-H38 -> 238100000 | I39: =I35-I38 -> 129596000 | J39: =J35-J38 -> 129387920 | K39: =K35-K38 -> 1.2917568e+08 | L39: =L35-L38 -> 64479596 | M39: =M35-M38 -> 0 | N39: =N35-N38 -> 0 | ... R39: =R35-R38 -> 2.8134392e+09 | S39: =SUM(G39:Q39)-R39 -> 0
B40: Interest Expense | H40: =PARAMETER!B$5 -> 12228890 | I40: =PARAMETER!C$5 -> 22012002 | J40: =PARAMETER!D$5 -> 17120446 | K40: =PARAMETER!E$5 -> 12228890 | L40: =PARAMETER!F$5 -> 7337334 | R40: =SUM($G40:Q40) -> 70927562
B41: EBT | G41: =G39-G40 -> 2122700000 | H41: =H39-H40 -> 225871110 | I41: =I39-I40 -> 107583998 | J41: =J39-J40 -> 112267474 | K41: =K39-K40 -> 1.1694679e+08 | L41: =L39-L40 -> 57142262 | M41: =M39-M40 -> 0 | N41: =N39-N40 -> 0 | ... Q41: =Q39-Q40 -> 0 | R41: =SUM($G41:Q41) -> 2.7425116e+09 | S41: =SUM(G41:Q41)-R41 -> 0
B42: Tax Expense | G42: =IF(G41<0,0,G41*$F$3) -> 42454000 | H42: =IF(H41<0,0,H41*$F$3) -> 4517422.2 | I42: =IF(I41<0,0,I41*$F$3) -> 2151680 | J42: =IF(J41<0,0,J41*$F$3) -> 2245349.5 | K42: =IF(K41<0,0,K41*$F$3) -> 2338935.8 | L42: =IF(L41<0,0,L41*$F$3) -> 1142845.2 | M42: =IF(M41<0,0,M41*$F$3) -> 0 | N42: =IF(N41<0,0,N41*$F$3) -> 0 | ... Q42: =IF(Q41<0,0,Q41*$F$3) -> 0 | R42: =SUM($G42:Q42) -> 54850233
B43: Net Income | G43: =G41-G42 -> 2080246000 | H43: =H41-H42 -> 2.2135369e+08 | I43: =I41-I42 -> 1.0543232e+08 | J43: =J41-J42 -> 1.1002212e+08 | K43: =K41-K42 -> 1.1460785e+08 | L43: =L41-L42 -> 55999417 | M43: =M41-M42 -> 0 | N43: =N41-N42 -> 0 | ... R43: =R41-R42 -> 2.6876614e+09 | S43: =SUM(G43:Q43)-R43 -> 0
B45: Capex | G45: =-G13+-G15+-G14 -> -1891250000 | H45: =-H15 -> 0 | I45: =-I15 -> 0 | J45: =-J15 -> 0 | K45: =-K15 -> 0 | L45: =-L15 -> 0 | M45: =-M15 -> 0 | N45: =-N15 -> 0 | O45: =-O15 -> 0 | ... Q45: =-Q15 -> 0 | R45: =SUM($G$45:Q45) -> -1891250000
B46: FCFF | G46: =G45+G43+G38 -> 188996000 | H46: =H45+H43+H38 -> 2.2135369e+08 | I46: =I45+I43+I38 -> 1.0543232e+08 | J46: =J45+J43+J38 -> 1.1002212e+08 | K46: =K45+K43+K38 -> 1.1460785e+08 | L46: =L45+L43+L38 -> 55999417 | M46: =M45+M43+M38 -> 0 | N46: =N45+N43+N38 -> 0 | ... Q46: =Q45+Q43+Q38 -> 0 | R46: =SUM($G$46:Q46) -> 7.964114e+08
B47: Accumulated FCF | G47: =F47+G46 -> 188996000 | H47: =G47+H46 -> 4.1034969e+08 | I47: =H47+I46 -> 5.1578201e+08 | J47: =I47+J46 -> 6.2580413e+08 | K47: =J47+K46 -> 7.4041198e+08 | L47: =K47+L46 -> 7.964114e+08 | M47: =L47+M46 -> 7.964114e+08 | N47: =M47+N46 -> 7.964114e+08 | ... Q47: =P47+Q46 -> 7.964114e+08
B48: PBP | G48: =IF(AND(F47<0,G47>0),H54-(G47/G46),0) -> 0 | H48: =IF(AND(G47<0,H47>0),I54-(H47/H46),0) -> 0 | I48: =IF(AND(H47<0,I47>0),J54-(I47/I46),0) -> 0 | J48: =IF(AND(I47<0,J47>0),K54-(J47/J46),0) -> 0 | K48: =IF(AND(J47<0,K47>0),L54-(K47/K46),0) -> 0 | L48: =IF(AND(K47<0,L47>0),M54-(L47/L46),0) -> 0 | M48: =IF(AND(L47<0,M47>0),N54-(M47/M46),0) -> 0 | N48: =IF(AND(M47<0,N47>0),O54-(N47/N46),0) -> 0 | O48: =IF(AND(N47<0,O47>0),P54-(O47/O46),0) -> 0 | Q48: =IF(AND(O47<0,Q47>0),R54-(Q47/Q46),0) -> 0
B50: IRR | F50: Positive
B51: NPV | F51: =NPV(F4,H46:Q46)+G46 -> 6.7307196e+08
B52: EBITDA margin | F52: =R36 -> 0.93283793
B53: Payback | F53: =SUM(G48:Q48) -> 0
H54: 1 | I54: 2 | J54: 3 | K54: 4 | L54: 5 | M54: 6 | N54: 7 | O54: 8 | P54: 9 | Q54: 10
B55: Depreciation Calculation | E55: no of Year depreciated | H55: =H18 -> 2025 | I55: =I18 -> 2026 | J55: =J18 -> 2027 | K55: =K18 -> 2028 | L55: =L18 -> 2029 | M55: =M18 -> 2030 | N55: =N18 -> 2031 | O55: =O18 -> 2032 | ... Q55: =Q18 -> 2034 | R55: Total
D56: Year 1 | E56: 5 | R56: =SUM($G56:Q56) -> 0
D57: Year 2 | E57: 4 | I57: =I15/E57 -> 0 | J57: =I57 -> 0 | K57: =J57 -> 0 | L57: =K57 -> 0 | M57: =L57 -> 0 | N57: =M57 -> 0 | O57: =N57 -> 0 | P57: =O57 -> 0 | Q57: =P57 -> 0 | R57: =SUM($G57:Q57) -> 0
D58: Year 3 | E58: 3 | J58: =J15/$E58 -> 0 | K58: =J58 -> 0 | L58: =K58 -> 0 | M58: =L58 -> 0 | N58: =M58 -> 0 | O58: =N58 -> 0 | P58: =O58 -> 0 | Q58: =P58 -> 0 | R58: =SUM($G58:Q58) -> 0
D59: Year 4 | E59: 2 | K59: =K15/$E59 -> 0 | L59: =K59 -> 0 | M59: =L59 -> 0 | N59: =M59 -> 0 | O59: =N59 -> 0 | P59: =O59 -> 0 | Q59: =P59 -> 0 | R59: =SUM($G59:Q59) -> 0
D60: Year 5 | E60: 1 | L60: =K$13/$E60 -> 0 | M60: =L60 -> 0 | N60: =M60 -> 0 | O60: =N60 -> 0 | P60: =O60 -> 0 | R60: =SUM($G60:Q60) -> 0
D61: Year 6 | E61: 5 | M61: =L$13/$E61 -> 0 | N61: =M61 -> 0 | O61: =N61 -> 0 | P61: =O61 -> 0 | R61: =SUM($G61:Q61) -> 0
D62: Year 7 | E62: 4 | N62: =M$13/$E62 -> 0 | O62: =N62 -> 0 | P62: =O62 -> 0 | R62: =SUM($G62:Q62) -> 0
D63: Year 8 | E63: 3 | O63: =N$13/$E63 -> 0 | P63: =O63 -> 0 | R63: =SUM($G63:Q63) -> 0
D64: Year 9 | E64: 2 | P64: =O$13/$E64 -> 0 | R64: =SUM($G64:Q64) -> 0
D65: Year 10 | E65: 1 | R65: =SUM($G65:Q65) -> 0
B66: Total Depreciation | H66: =SUM(H56:H65) -> 0 | I66: =SUM(I56:I65) -> 0 | J66: =SUM(J56:J65) -> 0 | K66: =SUM(K56:K65) -> 0 | L66: =SUM(L56:L65) -> 0 | M66: =SUM(M56:M65) -> 0 | N66: =SUM(N56:N65) -> 0 | O66: =SUM(O56:O65) -> 0 | ... R66: =SUM(R56:R65) -> 0

Sheet IRR 
B1: NO : | C1: 0041/IRR/IBC/XI/2024 | R1: =Summary2!D6 -> ArtOtel Kota Wisata
B2: General Asumption
C3: Tax Rate | F3: 0.02
C4: Interest Rate | F4: 0.11
C5: SG&A | F5: 0.02 | G5: Increase every year, start based 50 mio
C6: BHPUSO | F6: 0 | G6: from Revenues
C7: Price Adjustment after 5 year | F7: 0.15
C8: Capex per antenna | F8: 9000000
C9: Migrasi per operator | F9: 150000000
G11: Y0 | H11: Y2 | I11: Y3 | J11: Y4 | K11: Y5 | L11: Y6 | M11: Y6 | N11: Y7 | O11: Y8 | P11: Y9 | Q11: Y10 | R11: Total
B12: CAPEX
B13: Total CAPEX | E13: DAS | F13: 55 | G13: ='BOQ Liwo Kota Wisata'!I130 -> 244577800 | H13: 0 | I13: 0 | J13: 0 | R13: =SUM(G13:Q13) -> 244577800
E14: FO Backbone | G14: =50000000*0 -> 0 | R14: =SUM(G14:Q14) -> 0
E15: Repeater | G15: =264450000*0 -> 0 | R15: =SUM(G15:Q15) -> 0
E16: CME | R16: =SUM(G16:Q16) -> 0
R17: =SUM(R13:R16) -> 244577800
B18: IRR Calculation | H18: 2025 | I18: 2026 | J18: 2027 | K18: 2028 | L18: =K18+1 -> 2029 | M18: =L18+1 -> 2030 | N18: =M18+1 -> 2031 | O18: =N18+1 -> 2032 | P18: =O18+1 -> 2033 | Q18: =P18+1 -> 2034 | R18: Total
B19: Months of Service | G19: 12 | H19: 12 | I19: 12 | J19: 12 | K19: 12 | L19: 12 | M19: 12 | N19: 12 | O19: 12 | P19: 12 | Q19: 12
B20: % increase (decrease) | M20: 0.1
B22: Revenues
G23: =1000000000*95%*0 -> 0 | J23: =$K$3 -> 0 | K23: =$K$3 -> 0 | L23: =$K$3 -> 0 | M23: =$K$3 -> 0 | N23: =$K$3*(1-$L$3) -> 0 | O23: =$K$3*(1-$L$3) -> 0 | P23: =$K$3*(1-$L$3) -> 0 | Q23: =$K$3*(1-$L$3) -> 0 | R23: =SUM(G23:L23) -> 0
C24: Capex | H24: =R17*115% -> 281264470 | M24: =$K$4 -> 0 | N24: =$K$4 -> 0 | O24: =$K$4 -> 0 | P24: =$K$4*(1-$L$4) -> 0 | Q24: =$K$4*(1-$L$4) -> 0 | R24: =SUM(G24:L24) -> 281264470
C25: Manage service | H25: =(2000000*60) -> 120000000 | R25: =SUM(G25:L25) -> 120000000
R26: =SUM(G26:L26) -> 0
R27: =SUM(G27:L27) -> 0
G28: =866000000*95%*0 -> 0 | H28: =(866000000-G28)*0 -> 0 | J28: =$K$5 -> 0 | K28: =$K$5 -> 0 | L28: =$K$5 -> 0 | M28: =$K$5 -> 0 | N28: =$K$5 -> 0 | O28: =$K$5*(1-$L$5) -> 0 | P28: =$K$5*(1-$L$5) -> 0 | Q28: =$K$5*(1-$L$5) -> 0 | R28: =SUM(G28:L28) -> 0
G29: =300000000*95%*0 -> 0 | H29: =(300000000-G29)*0 -> 0 | R29: =SUM(G29:L29) -> 0
R30: =SUM(G30:L30) -> 0
B31: Total Revenues | G31: =SUM(G23:G30) -> 0 | H31: =SUM(H23:H30) -> 401264470 | I31: =SUM(I23:I30) -> 0 | J31: =SUM(J23:J30) -> 0 | K31: =SUM(K23:K30) -> 0 | L31: =SUM(L23:L30) -> 0 | M31: =SUM(M23:M30) -> 0 | N31: =SUM(N23:N30) -> 0 | ... R31: =SUM(R23:R30) -> 401264470
B33: OPEX
C34: Electricity | R34: =SUM($G34:Q34) -> 0
C35: Maintenance (CM and PM) | H35: 2500000 | I35: 2500000 | J35: 2500000 | K35: 2500000 | L35: 2500000 | R35: =SUM($G35:Q35) -> 12500000
C36: Rev Share Tsel to BM 90% | I36: =I26*90% -> 0 | J36: =J26*90% -> 0 | K36: =K26*90% -> 0 | L36: =L26*90% -> 0 | R36: =SUM($G36:Q36) -> 0
C37: Rev Share XL to BM 90% | I37: =I27*90% -> 0 | J37: =I37 -> 0 | K37: =J37 -> 0 | L37: =K37 -> 0 | R37: =SUM($G37:Q37) -> 0
C38: SG&A | H38: =PARAMETER!B14 -> 10000000 | I38: =PARAMETER!C14 -> 10200000 | J38: =PARAMETER!D14 -> 10404000 | K38: =PARAMETER!E14 -> 10612080 | L38: =PARAMETER!F14 -> 10824322 | R38: =SUM($G38:Q38) -> 52040402
B39: Total OPEX | G39: =SUM(G34:G38) -> 0 | H39: =SUM(H34:H38) -> 12500000 | I39: =SUM(I34:I38) -> 12700000 | J39: =SUM(J34:J38) -> 12904000 | K39: =SUM(K34:K38) -> 13112080 | L39: =SUM(L34:L38) -> 13324322 | M39: =SUM(M35:M38) -> 0 | N39: =SUM(N35:N38) -> 0 | O39: =SUM(O35:O38) -> 0 | P39: =SUM(P35:P38) -> 0 | Q39: =SUM(Q35:Q38) -> 0 | R39: =SUM(R34:R38) -> 64540402
B40: Total EBITDA | G40: =G31-G39 -> 0 | H40: =H31-H39 -> 388764470 | I40: =I31-I39 -> -12700000 | J40: =J31-J39 -> -12904000 | K40: =K31-K39 -> -13112080 | L40: =L31-L39 -> -13324322 | M40: =M31-M39 -> 0 | N40: =N31-N39 -> 0 | ... R40: =R31-R39 -> 3.3672407e+08
B41: Ebitda margin | H41: =H40/H31 -> 0.96884848 | I41: =I40/I31 -> #DIV/0! | J41: =J40/J31 -> #DIV/0! | K41: =K40/K31 -> #DIV/0! | L41: =L40/L31 -> #DIV/0! | M41: =M40/M31 -> #DIV/0! | N41: =N40/N31 -> #DIV/0! | O41: =O40/O31 -> #DIV/0! | ... R41: =R40/R31 -> 0.83915745
B43: Depreciation Expense | H43: =H71 -> 0 | I43: =I71 -> 0 | J43: =J71 -> 0 | K43: =K71 -> 0 | L43: =L71 -> 0 | M43: =M71 -> 0 | N43: =N71 -> 0 | O43: =O71 -> 0 | ... Q43: =Q71 -> 0 | R43: =SUM($G43:Q43) -> 0
B44: Total EBIT | G44: =G40-G43 -> 0 | H44: =H40-H43 -> 388764470 | I44: =I40-I43 -> -12700000 | J44: =J40-J43 -> -12904000 | K44: =K40-K43 -> -13112080 | L44: =L40-L43 -> -13324322 | M44: =M40-M43 -> 0 | N44: =N40-N43 -> 0 | ... R44: =R40-R43 -> 3.3672407e+08
B45: Interest Expense | H45: =PARAMETER!C5 -> 22012002 | I45: =PARAMETER!D5 -> 17120446 | J45: =PARAMETER!E5 -> 12228890 | K45: =PARAMETER!F5 -> 7337334 | L45: =PARAMETER!G5 -> 2445778 | R45: =SUM($G45:Q45) -> 61144450
B46: EBT | G46: =G44-G45 -> 0 | H46: =H44-H45 -> 366752468 | I46: =I44-I45 -> -29820446 | J46: =J44-J45 -> -25132890 | K46: =K44-K45 -> -20449414 | L46: =L44-L45 -> -15770100 | M46: =M44-M45 -> 0 | N46: =N44-N45 -> 0 | ... Q46: =Q44-Q45 -> 0 | R46: =SUM($G46:Q46) -> 2.7557962e+08
B47: Tax Expense | G47: =IF(G46<0,0,G46*$F$3) -> 0 | H47: =IF(H46<0,0,H46*$F$3) -> 7335049.4 | I47: =IF(I46<0,0,I46*$F$3) -> 0 | J47: =IF(J46<0,0,J46*$F$3) -> 0 | K47: =IF(K46<0,0,K46*$F$3) -> 0 | L47: =IF(L46<0,0,L46*$F$3) -> 0 | M47: =IF(M46<0,0,M46*$F$3) -> 0 | N47: =IF(N46<0,0,N46*$F$3) -> 0 | ... Q47: =IF(Q46<0,0,Q46*$F$3) -> 0 | R47: =SUM($G47:Q47) -> 7335049.4
B48: Net Income | G48: =G46-G47 -> 0 | H48: =H46-H47 -> 3.5941742e+08 | I48: =I46-I47 -> -29820446 | J48: =J46-J47 -> -25132890 | K48: =K46-K47 -> -20449414 | L48: =L46-L47 -> -15770100 | M48: =M46-M47 -> 0 | N48: =N46-N47 -> 0 | ... R48: =R46-R47 -> 2.6824457e+08
B50: Capex | G50: =-G13+-G15+-G14 -> -244577800 | H50: 0 | I50: =-I16 -> 0 | J50: =-J15 -> 0 | K50: =-K15 -> 0 | L50: =-L15 -> 0 | M50: =-M15 -> 0 | N50: =-N15 -> 0 | O50: =-O15 -> 0 | P50: =-P15 -> 0 | Q50: =-Q15 -> 0 | R50: =SUM($G$50:Q50) -> -244577800
B51: FCFF | G51: =G50+G48+G43 -> -244577800 | H51: =H50+H48+H43 -> 3.5941742e+08 | I51: =I50+I48+I43 -> -29820446 | J51: =J50+J48+J43 -> -25132890 | K51: =K50+K48+K43 -> -20449414 | L51: =L50+L48+L43 -> -15770100 | M51: =M50+M48+M43 -> 0 | N51: =N50+N48+N43 -> 0 | ... Q51: =Q50+Q48+Q43 -> 0 | R51: =SUM($G$51:Q51) -> 23666769
B52: Accumulated FCF | G52: =F52+G51 -> -244577800 | H52: =G52+H51 -> 1.1483962e+08 | I52: =H52+I51 -> 85019173 | J52: =I52+J51 -> 59886283 | K52: =J52+K51 -> 39436869 | L52: =K52+L51 -> 23666769
B53: PBP | G53: =IF(AND(F52<0,G52>0),H59-(G52/G51),0) -> 0 | H53: =IF(AND(G52<0,H52>0),I59-(H52/H51),0) -> 1.680484 | I53: =IF(AND(H52<0,I52>0),J59-(I52/I51),0) -> 0 | J53: =IF(AND(I52<0,J52>0),K59-(J52/J51),0) -> 0 | K53: =IF(AND(J52<0,K52>0),L59-(K52/K51),0) -> 0 | L53: =IF(AND(K52<0,L52>0),M59-(L52/L51),0) -> 0 | M53: =IF(AND(L52<0,M52>0),N59-(M52/M51),0) -> 0 | N53: =IF(AND(M52<0,N52>0),O59-(N52/N51),0) -> 0 | O53: =IF(AND(N52<0,O52>0),P59-(O52/O51),0) -> 0 | Q53: =IF(AND(O52<0,Q52>0),R59-(Q52/Q51),0) -> 0
B55: IRR | F55: =IRR(G51:L51) -> 0.22899643
B56: NPV | F56: =NPV(F4,H51:Q51)+G51 -> 13812332
B57: EBITDA margin | F57: =R41 -> 0.83915745
B58: Payback | F58: =SUM(G53:Q53) -> 1.680484
H59: 1 | I59: 2 | J59: 3 | K59: 4 | L59: 5 | M59: 6 | N59: 7 | O59: 8 | P59: 9 | Q59: 10
B60: Depreciation Calculation | E60: no of Year depreciated | G60: =G18 -> 0 | H60: =H18 -> 2025 | I60: =I18 -> 2026 | J60: =J18 -> 2027 | K60: =K18 -> 2028 | L60: =L18 -> 2029 | M60: =M18 -> 2030 | N60: =N18 -> 2031 | ... Q60: =Q18 -> 2034 | R60: Total
D61: Year 1 | E61: 5 | I61: =H61 -> 0 | J61: =I61 -> 0 | K61: =J61 -> 0 | L61: =K61 -> 0 | R61: =SUM($G61:Q61) -> 0
D62: Year 2 | E62: 4 | I62: =I15/E62 -> 0 | J62: =I62 -> 0 | K62: =J62 -> 0 | L62: =K62 -> 0 | M62: =L62 -> 0 | N62: =M62 -> 0 | O62: =N62 -> 0 | P62: =O62 -> 0 | Q62: =P62 -> 0 | R62: =SUM($G62:Q62) -> 0
D63: Year 3 | E63: 3 | J63: =J15/$E63 -> 0 | K63: =J63 -> 0 | L63: =K63 -> 0 | M63: =L63 -> 0 | N63: =M63 -> 0 | O63: =N63 -> 0 | P63: =O63 -> 0 | Q63: =P63 -> 0 | R63: =SUM($G63:Q63) -> 0
D64: Year 4 | E64: 2 | K64: =K15/$E64 -> 0 | L64: =K64 -> 0 | M64: =L64 -> 0 | N64: =M64 -> 0 | O64: =N64 -> 0 | P64: =O64 -> 0 | Q64: =P64 -> 0 | R64: =SUM($G64:Q64) -> 0
D65: Year 5 | E65: 1 | L65: =K$13/$E65 -> 0 | M65: =L65 -> 0 | N65: =M65 -> 0 | O65: =N65 -> 0 | P65: =O65 -> 0 | R65: =SUM($G65:Q65) -> 0
D66: Year 6 | E66: 5 | M66: =L$13/$E66 -> 0 | N66: =M66 -> 0 | O66: =N66 -> 0 | P66: =O66 -> 0 | R66: =SUM($G66:Q66) -> 0
D67: Year 7 | E67: 4 | N67: =M$13/$E67 -> 0 | O67: =N67 -> 0 | P67: =O67 -> 0 | R67: =SUM($G67:Q67) -> 0
D68: Year 8 | E68: 3 | O68: =N$13/$E68 -> 0 | P68: =O68 -> 0 | R68: =SUM($G68:Q68) -> 0
D69: Year 9 | E69: 2 | P69: =O$13/$E69 -> 0 | R69: =SUM($G69:Q69) -> 0
D70: Year 10 | E70: 1 | R70: =SUM($G70:Q70) -> 0
B71: Total Depreciation | H71: =SUM(H61:H70) -> 0 | I71: =SUM(I61:I70) -> 0 | J71: =SUM(J61:J70) -> 0 | K71: =SUM(K61:K70) -> 0 | L71: =SUM(L61:L70) -> 0 | M71: =SUM(M61:M70) -> 0 | N71: =SUM(N61:N70) -> 0 | O71: =SUM(O61:O70) -> 0 | ... R71: =SUM(R61:R70) -> 0

Sheet IRR with FO Oprt Berbayar
B1: NO : | C1: 0008/IRRK/IBC/III/2024 | R1: =Summary!$D$6 -> Knowledge Hub
B2: General Asumption
C3: Tax Rate | F3: 0.02
C4: Interest Rate | F4: 0.1
C5: SG&A | F5: 0.02 | G5: Increase every year, start based 50 mio
C6: BHPUSO | F6: 0 | G6: from Revenues
C7: Price Adjustment after 5 year | F7: 0.15
C8: Capex per antenna | F8: 9000000
C9: Migrasi per operator | F9: 150000000
G11: Y1 | H11: Y2 | I11: Y3 | J11: Y4 | K11: Y5 | L11: Y6 | M11: Y6 | N11: Y7 | O11: Y8 | P11: Y9 | Q11: Y10 | R11: Total
B12: CAPEX
B13: Total CAPEX | E13: DAS | F13: 103 | G13: 848780133 | H13: 0 | I13: 0 | J13: 0 | R13: =SUM(G13:Q13) -> 848780133
E14: FO Backbone | G14: 701250000 | R14: =SUM(G14:Q14) -> 701250000
E15: Repeater | G15: 264450000 | R15: =SUM(G15:Q15) -> 264450000
E16: CME | I16: =75000000*2 -> 150000000 | R16: =SUM(G16:Q16) -> 150000000
R17: =SUM(R13:R16) -> 1964480133
B18: IRR Calculation | G18: 2024 | H18: 2025 | I18: 2026 | J18: 2027 | K18: 2028 | L18: =K18+1 -> 2029 | M18: =L18+1 -> 2030 | N18: =M18+1 -> 2031 | O18: =N18+1 -> 2032 | P18: =O18+1 -> 2033 | Q18: =P18+1 -> 2034 | R18: Total
B19: Months of Service | G19: 12 | H19: 12 | I19: 12 | J19: 12 | K19: 12 | L19: 12 | M19: 12 | N19: 12 | O19: 12 | P19: 12 | Q19: 12
B20: % increase (decrease) | M20: 0.1
B22: Revenues
C23: Bill to BM DAS | G23: =1000000000*95% -> 950000000 | H23: =1000000000-G23 -> 50000000 | J23: =$K$3 -> 0 | K23: =$K$3 -> 0 | L23: =$K$3 -> 0 | M23: =$K$3 -> 0 | N23: =$K$3*(1-$L$3) -> 0 | O23: =$K$3*(1-$L$3) -> 0 | P23: =$K$3*(1-$L$3) -> 0 | Q23: =$K$3*(1-$L$3) -> 0 | R23: =SUM(G23:L23) -> 1000000000 | S23: =G13/R23 -> 0.84878013
C24: Manage service 2 Operator tdk berbayar | G24: =85000000/2*2 -> 85000000 | H24: =85000000*2 -> 170000000 | M24: =$K$4 -> 0 | N24: =$K$4 -> 0 | O24: =$K$4 -> 0 | P24: =$K$4*(1-$L$4) -> 0 | Q24: =$K$4*(1-$L$4) -> 0 | R24: =SUM(G24:L24) -> 255000000
C25: Manage service 2 Operator berbayar (BTS masuk) | I25: =53000000*2+4000000*2*2 -> 122000000 | J25: =I25 -> 122000000 | K25: =J25 -> 122000000 | L25: =K25 -> 122000000 | R25: =SUM(G25:L25) -> 488000000
C26: Rev. Tsel | I26: 300000000 | J26: =I26 -> 300000000 | K26: =J26 -> 300000000 | L26: =K26 -> 300000000 | R26: =SUM(G26:L26) -> 1200000000
C27: Rev. XL | I27: 150000000 | J27: 150000000 | K27: 150000000 | L27: 150000000 | R27: =SUM(G27:L27) -> 600000000
C28: Bill to BM FO | G28: =866000000*95% -> 822700000 | H28: =866000000-G28 -> 43300000 | J28: =$K$5 -> 0 | K28: =$K$5 -> 0 | L28: =$K$5 -> 0 | M28: =$K$5 -> 0 | N28: =$K$5 -> 0 | O28: =$K$5*(1-$L$5) -> 0 | P28: =$K$5*(1-$L$5) -> 0 | Q28: =$K$5*(1-$L$5) -> 0 | R28: =SUM(G28:L28) -> 866000000 | T28: =S28/G15 -> 0
C29: Bill to BM Repeater | G29: =300000000*95% -> 285000000 | H29: =300000000-G29 -> 15000000 | R29: =SUM(G29:L29) -> 300000000
C30: Bill to BM CME | I30: 200000000 | R30: =SUM(G30:L30) -> 200000000
B31: Total Revenues | G31: =SUM(G23:G30) -> 2142700000 | H31: =SUM(H23:H30) -> 278300000 | I31: =SUM(I23:I30) -> 772000000 | J31: =SUM(J23:J30) -> 572000000 | K31: =SUM(K23:K30) -> 572000000 | L31: =SUM(L23:L30) -> 572000000 | M31: =SUM(M23:M30) -> 0 | N31: =SUM(N23:N30) -> 0 | ... R31: =SUM(R23:R30) -> 4909000000 | S31: =SUM(G31:Q31)-R31 -> 0
B33: OPEX
C34: Electricity | I34: =36000000 -> 36000000 | J34: =I34 -> 36000000 | K34: =J34 -> 36000000 | L34: =K34 -> 36000000 | R34: =SUM($G34:Q34) -> 144000000
C35: Maintenance | G35: =7000000*2/2 -> 7000000 | H35: =7000000*2 -> 14000000 | I35: =H35 -> 14000000 | J35: =I35 -> 14000000 | K35: =J35 -> 14000000 | L35: =K35 -> 14000000 | R35: =SUM($G35:Q35) -> 77000000
C36: Rev Share Tsel to BM 90% | I36: =I26*90% -> 270000000 | J36: =J26*90% -> 270000000 | K36: =K26*90% -> 270000000 | L36: =L26*90% -> 270000000 | R36: =SUM($G36:Q36) -> 1080000000
C37: Rev Share XL to BM 90% | I37: =I27*90% -> 135000000 | J37: =I37 -> 135000000 | K37: =J37 -> 135000000 | L37: =K37 -> 135000000 | R37: =SUM($G37:Q37) -> 540000000
C38: SG&A | G38: =PARAMETER!B14/2 -> 5000000 | H38: =PARAMETER!C14 -> 10200000 | I38: =PARAMETER!D14 -> 10404000 | J38: =PARAMETER!E14 -> 10612080 | K38: =PARAMETER!F14 -> 10824322 | L38: =PARAMETER!G14 -> 11040808 | R38: =SUM($G38:Q38) -> 58081210
B39: Total OPEX | G39: =SUM(G34:G38) -> 12000000 | H39: =SUM(H34:H38) -> 24200000 | I39: =SUM(I34:I38) -> 465404000 | J39: =SUM(J34:J38) -> 465612080 | K39: =SUM(K34:K38) -> 4.6582432e+08 | L39: =SUM(L34:L38) -> 4.6604081e+08 | M39: =SUM(M35:M38) -> 0 | N39: =SUM(N35:N38) -> 0 | O39: =SUM(O35:O38) -> 0 | P39: =SUM(P35:P38) -> 0 | Q39: =SUM(Q35:Q38) -> 0 | R39: =SUM(R34:R38) -> 1.8990812e+09 | S39: =SUM(G39:Q39)-R39 -> 0
B40: Total EBITDA | G40: =G31-G39 -> 2130700000 | H40: =H31-H39 -> 254100000 | I40: =I31-I39 -> 306596000 | J40: =J31-J39 -> 106387920 | K40: =K31-K39 -> 1.0617568e+08 | L40: =L31-L39 -> 1.0595919e+08 | M40: =M31-M39 -> 0 | N40: =N31-N39 -> 0 | ... R40: =R31-R39 -> 3.0099188e+09 | S40: =SUM(G40:Q40)-R40 -> 0
B41: Ebitda margin | H41: =H40/H31 -> 0.91304348 | I41: =I40/I31 -> 0.39714508 | J41: =J40/J31 -> 0.18599287 | K41: =K40/K31 -> 0.18562182 | L41: =L40/L31 -> 0.18524334 | M41: =M40/M31 -> #DIV/0! | N41: =N40/N31 -> #DIV/0! | O41: =O40/O31 -> #DIV/0! | ... R41: =R40/R31 -> 0.61314296
B43: Depreciation Expense | H43: =H71 -> 0 | I43: =I71 -> 0 | J43: =J71 -> 0 | K43: =K71 -> 0 | L43: =L71 -> 0 | M43: =M71 -> 0 | N43: =N71 -> 0 | O43: =O71 -> 0 | ... Q43: =Q71 -> 0 | R43: =SUM($G43:Q43) -> 0
B44: Total EBIT | G44: =G40-G43 -> 2130700000 | H44: =H40-H43 -> 254100000 | I44: =I40-I43 -> 306596000 | J44: =J40-J43 -> 106387920 | K44: =K40-K43 -> 1.0617568e+08 | L44: =L40-L43 -> 1.0595919e+08 | M44: =M40-M43 -> 0 | N44: =N40-N43 -> 0 | ... R44: =R40-R43 -> 3.0099188e+09 | S44: =SUM(G44:Q44)-R44 -> 0
B45: Interest Expense | G45: =PARAMETER!B5 -> 12228890 | H45: =PARAMETER!C5 -> 22012002 | I45: =PARAMETER!D5 -> 17120446 | J45: =PARAMETER!E5 -> 12228890 | K45: =PARAMETER!F5 -> 7337334 | L45: =PARAMETER!G5 -> 2445778 | R45: =SUM($G45:Q45) -> 73373340
B46: EBT | G46: =G44-G45 -> 2118471110 | H46: =H44-H45 -> 232087998 | I46: =I44-I45 -> 289475554 | J46: =J44-J45 -> 94159030 | K46: =K44-K45 -> 98838344 | L46: =L44-L45 -> 1.0351341e+08 | M46: =M44-M45 -> 0 | N46: =N44-N45 -> 0 | ... Q46: =Q44-Q45 -> 0 | R46: =SUM($G46:Q46) -> 2.9365455e+09 | S46: =SUM(G46:Q46)-R46 -> 0
B47: Tax Expense | G47: =IF(G46<0,0,G46*$F$3) -> 42369422 | H47: =IF(H46<0,0,H46*$F$3) -> 4641760 | I47: =IF(I46<0,0,I46*$F$3) -> 5789511.1 | J47: =IF(J46<0,0,J46*$F$3) -> 1883180.6 | K47: =IF(K46<0,0,K46*$F$3) -> 1976766.9 | L47: =IF(L46<0,0,L46*$F$3) -> 2070268.3 | M47: =IF(M46<0,0,M46*$F$3) -> 0 | N47: =IF(N46<0,0,N46*$F$3) -> 0 | ... Q47: =IF(Q46<0,0,Q46*$F$3) -> 0 | R47: =SUM($G47:Q47) -> 58730909
B48: Net Income | G48: =G46-G47 -> 2.0761017e+09 | H48: =H46-H47 -> 2.2744624e+08 | I48: =I46-I47 -> 2.8368604e+08 | J48: =J46-J47 -> 92275849 | K48: =K46-K47 -> 96861578 | L48: =L46-L47 -> 1.0144315e+08 | M48: =M46-M47 -> 0 | N48: =N46-N47 -> 0 | ... R48: =R46-R47 -> 2.8778145e+09 | S48: =SUM(G48:Q48)-R48 -> 0
B50: Capex | G50: =-G13+-G15+-G14 -> -1814480133 | H50: =-H16 -> 0 | I50: =-I16 -> -150000000 | J50: =-J15 -> 0 | K50: =-K15 -> 0 | L50: =-L15 -> 0 | M50: =-M15 -> 0 | N50: =-N15 -> 0 | O50: =-O15 -> 0 | P50: =-P15 -> 0 | Q50: =-Q15 -> 0 | R50: =SUM($G$50:Q50) -> -1964480133
B51: FCFF | G51: =G50+G48+G43 -> 2.6162155e+08 | H51: =H50+H48+H43 -> 2.2744624e+08 | I51: =I50+I48+I43 -> 1.3368604e+08 | J51: =J50+J48+J43 -> 92275849 | K51: =K50+K48+K43 -> 96861578 | L51: =L50+L48+L43 -> 1.0144315e+08 | M51: =M50+M48+M43 -> 0 | N51: =N50+N48+N43 -> 0 | ... Q51: =Q50+Q48+Q43 -> 0 | R51: =SUM($G$51:Q51) -> 9.1333441e+08
B52: Accumulated FCF | G52: =F52+G51 -> 2.6162155e+08 | H52: =G52+H51 -> 4.8906779e+08 | I52: =H52+I51 -> 6.2275384e+08 | J52: =I52+J51 -> 7.1502969e+08 | K52: =J52+K51 -> 8.1189126e+08 | L52: =K52+L51 -> 9.1333441e+08 | M52: =L52+M51 -> 9.1333441e+08 | N52: =M52+N51 -> 9.1333441e+08 | ... Q52: =P52+Q51 -> 9.1333441e+08
B53: PBP | G53: =IF(AND(F52<0,G52>0),H59-(G52/G51),0) -> 0 | H53: =IF(AND(G52<0,H52>0),I59-(H52/H51),0) -> 0 | I53: =IF(AND(H52<0,I52>0),J59-(I52/I51),0) -> 0 | J53: =IF(AND(I52<0,J52>0),K59-(J52/J51),0) -> 0 | K53: =IF(AND(J52<0,K52>0),L59-(K52/K51),0) -> 0 | L53: =IF(AND(K52<0,L52>0),M59-(L52/L51),0) -> 0 | M53: =IF(AND(L52<0,M52>0),N59-(M52/M51),0) -> 0 | N53: =IF(AND(M52<0,N52>0),O59-(N52/N51),0) -> 0 | O53: =IF(AND(N52<0,O52>0),P59-(O52/O51),0) -> 0 | Q53: =IF(AND(O52<0,Q52>0),R59-(Q52/Q51),0) -> 0
B55: IRR | F55: Positive
B56: NPV | F56: =NPV(F4,G51:Q51)+F51 -> 7.0668125e+08
B57: EBITDA margin | F57: =R41 -> 0.61314296
B58: Payback | F58: =SUM(G53:Q53) -> 0
G59: 1 | H59: 2 | I59: 3 | J59: 4 | K59: 5 | L59: 6 | M59: 6 | N59: 7 | O59: 8 | P59: 9 | Q59: 10
B60: Depreciation Calculation | E60: no of Year depreciated | G60: =G18 -> 2024 | H60: =H18 -> 2025 | I60: =I18 -> 2026 | J60: =J18 -> 2027 | K60: =K18 -> 2028 | L60: =L18 -> 2029 | M60: =M18 -> 2030 | N60: =N18 -> 2031 | ... Q60: =Q18 -> 2034 | R60: Total
D61: Year 1 | E61: 5 | R61: =SUM($G61:Q61) -> 0
D62: Year 2 | E62: 4 | I62: =I15/E62 -> 0 | J62: =I62 -> 0 | K62: =J62 -> 0 | L62: =K62 -> 0 | M62: =L62 -> 0 | N62: =M62 -> 0 | O62: =N62 -> 0 | P62: =O62 -> 0 | Q62: =P62 -> 0 | R62: =SUM($G62:Q62) -> 0
D63: Year 3 | E63: 3 | J63: =J15/$E63 -> 0 | K63: =J63 -> 0 | L63: =K63 -> 0 | M63: =L63 -> 0 | N63: =M63 -> 0 | O63: =N63 -> 0 | P63: =O63 -> 0 | Q63: =P63 -> 0 | R63: =SUM($G63:Q63) -> 0
D64: Year 4 | E64: 2 | K64: =K15/$E64 -> 0 | L64: =K64 -> 0 | M64: =L64 -> 0 | N64: =M64 -> 0 | O64: =N64 -> 0 | P64: =O64 -> 0 | Q64: =P64 -> 0 | R64: =SUM($G64:Q64) -> 0
D65: Year 5 | E65: 1 | L65: =K$13/$E65 -> 0 | M65: =L65 -> 0 | N65: =M65 -> 0 | O65: =N65 -> 0 | P65: =O65 -> 0 | R65: =SUM($G65:Q65) -> 0
D66: Year 6 | E66: 5 | M66: =L$13/$E66 -> 0 | N66: =M66 -> 0 | O66: =N66 -> 0 | P66: =O66 -> 0 | R66: =SUM($G66:Q66) -> 0
D67: Year 7 | E67: 4 | N67: =M$13/$E67 -> 0 | O67: =N67 -> 0 | P67: =O67 -> 0 | R67: =SUM($G67:Q67) -> 0
D68: Year 8 | E68: 3 | O68: =N$13/$E68 -> 0 | P68: =O68 -> 0 | R68: =SUM($G68:Q68) -> 0
D69: Year 9 | E69: 2 | P69: =O$13/$E69 -> 0 | R69: =SUM($G69:Q69) -> 0
D70: Year 10 | E70: 1 | R70: =SUM($G70:Q70) -> 0
B71: Total Depreciation | H71: =SUM(H61:H70) -> 0 | I71: =SUM(I61:I70) -> 0 | J71: =SUM(J61:J70) -> 0 | K71: =SUM(K61:K70) -> 0 | L71: =SUM(L61:L70) -> 0 | M71: =SUM(M61:M70) -> 0 | N71: =SUM(N61:N70) -> 0 | O71: =SUM(O61:O70) -> 0 | ... R71: =SUM(R61:R70) -> 0

Sheet IRR with FO Oprt Berbayar 1
B1: NO : | C1: 0008/IRRK/IBC/III/2024 | R1: =Summary!$D$6 -> Knowledge Hub
B2: General Asumption
C3: Tax Rate | F3: 0.02
C4: Interest Rate | F4: 0.1
C5: SG&A | F5: 0.02 | G5: Increase every year, start based 50 mio
C6: BHPUSO | F6: 0 | G6: from Revenues
C7: Price Adjustment after 5 year | F7: 0.15
C8: Capex per antenna | F8: 9000000
C9: Migrasi per operator | F9: 150000000
G11: Y1 | H11: Y2 | I11: Y3 | J11: Y4 | K11: Y5 | L11: Y6 | M11: Y6 | N11: Y7 | O11: Y8 | P11: Y9 | Q11: Y10 | R11: Total
B12: CAPEX
B13: Total CAPEX | E13: DAS | F13: 103 | G13: 848780133 | H13: 0 | I13: 0 | J13: 0 | R13: =SUM(G13:Q13) -> 848780133
E14: FO Backbone | G14: 701250000 | R14: =SUM(G14:Q14) -> 701250000
E15: Repeater | G15: 264450000 | R15: =SUM(G15:Q15) -> 264450000
E16: CME | I16: =75000000*2 -> 150000000 | R16: =SUM(G16:Q16) -> 150000000
R17: =SUM(R13:R16) -> 1964480133
B18: IRR Calculation | G18: 2024 | H18: 2025 | I18: 2026 | J18: 2027 | K18: 2028 | L18: =K18+1 -> 2029 | M18: =L18+1 -> 2030 | N18: =M18+1 -> 2031 | O18: =N18+1 -> 2032 | P18: =O18+1 -> 2033 | Q18: =P18+1 -> 2034 | R18: Total
B19: Months of Service | G19: 12 | H19: 12 | I19: 12 | J19: 12 | K19: 12 | L19: 12 | M19: 12 | N19: 12 | O19: 12 | P19: 12 | Q19: 12
B20: % increase (decrease) | M20: 0.1
B22: Revenues
C23: Bill to BM DAS | G23: =1000000000*95% -> 950000000 | H23: =1000000000-G23 -> 50000000 | J23: =$K$3 -> 0 | K23: =$K$3 -> 0 | L23: =$K$3 -> 0 | M23: =$K$3 -> 0 | N23: =$K$3*(1-$L$3) -> 0 | O23: =$K$3*(1-$L$3) -> 0 | P23: =$K$3*(1-$L$3) -> 0 | Q23: =$K$3*(1-$L$3) -> 0 | R23: =SUM(G23:L23) -> 1000000000 | S23: =G13/R23 -> 0.84878013
C24: Manage service 2 Operator tdk berbayar | G24: =85000000/2*2 -> 85000000 | H24: =85000000*2 -> 170000000 | I24: 85000000 | J24: 85000000 | K24: 85000000 | L24: 85000000 | M24: =$K$4 -> 0 | N24: =$K$4 -> 0 | O24: =$K$4 -> 0 | P24: =$K$4*(1-$L$4) -> 0 | Q24: =$K$4*(1-$L$4) -> 0 | R24: =SUM(G24:L24) -> 595000000
C25: Manage service 2 Operator berbayar (BTS masuk) | I25: =53000000+4000000*2 -> 61000000 | J25: =I25 -> 61000000 | K25: =J25 -> 61000000 | L25: =K25 -> 61000000 | R25: =SUM(G25:L25) -> 244000000
C26: Rev. Tsel | R26: =SUM(G26:L26) -> 0
C27: Rev. XL | I27: 150000000 | J27: 150000000 | K27: 150000000 | L27: 150000000 | R27: =SUM(G27:L27) -> 600000000
C28: Bill to BM FO | G28: =866000000*95% -> 822700000 | H28: =866000000-G28 -> 43300000 | J28: =$K$5 -> 0 | K28: =$K$5 -> 0 | L28: =$K$5 -> 0 | M28: =$K$5 -> 0 | N28: =$K$5 -> 0 | O28: =$K$5*(1-$L$5) -> 0 | P28: =$K$5*(1-$L$5) -> 0 | Q28: =$K$5*(1-$L$5) -> 0 | R28: =SUM(G28:L28) -> 866000000 | T28: =S28/G15 -> 0
C29: Bill to BM Repeater | G29: =300000000*95% -> 285000000 | H29: =300000000-G29 -> 15000000 | R29: =SUM(G29:L29) -> 300000000
C30: Bill to BM CME | I30: 200000000 | R30: =SUM(G30:L30) -> 200000000
B31: Total Revenues | G31: =SUM(G23:G30) -> 2142700000 | H31: =SUM(H23:H30) -> 278300000 | I31: =SUM(I23:I30) -> 496000000 | J31: =SUM(J23:J30) -> 296000000 | K31: =SUM(K23:K30) -> 296000000 | L31: =SUM(L23:L30) -> 296000000 | M31: =SUM(M23:M30) -> 0 | N31: =SUM(N23:N30) -> 0 | ... R31: =SUM(R23:R30) -> 3805000000 | S31: =SUM(G31:Q31)-R31 -> 0
B33: OPEX
C34: Electricity | I34: =36000000 -> 36000000 | J34: =I34 -> 36000000 | K34: =J34 -> 36000000 | L34: =K34 -> 36000000 | R34: =SUM($G34:Q34) -> 144000000
C35: Maintenance | G35: =7000000*2/2 -> 7000000 | H35: =7000000*2 -> 14000000 | I35: =H35 -> 14000000 | J35: =I35 -> 14000000 | K35: =J35 -> 14000000 | L35: =K35 -> 14000000 | R35: =SUM($G35:Q35) -> 77000000
C36: Rev Share Tsel to BM 90% | I36: =I26*90% -> 0 | J36: =J26*90% -> 0 | K36: =K26*90% -> 0 | L36: =L26*90% -> 0 | R36: =SUM($G36:Q36) -> 0
C37: Rev Share XL to BM 90% | I37: =I27*90% -> 135000000 | J37: =I37 -> 135000000 | K37: =J37 -> 135000000 | L37: =K37 -> 135000000 | R37: =SUM($G37:Q37) -> 540000000
C38: SG&A | G38: =PARAMETER!B14/2 -> 5000000 | H38: =PARAMETER!C14 -> 10200000 | I38: =PARAMETER!D14 -> 10404000 | J38: =PARAMETER!E14 -> 10612080 | K38: =PARAMETER!F14 -> 10824322 | L38: =PARAMETER!G14 -> 11040808 | R38: =SUM($G38:Q38) -> 58081210
B39: Total OPEX | G39: =SUM(G34:G38) -> 12000000 | H39: =SUM(H34:H38) -> 24200000 | I39: =SUM(I34:I38) -> 195404000 | J39: =SUM(J34:J38) -> 195612080 | K39: =SUM(K34:K38) -> 1.9582432e+08 | L39: =SUM(L34:L38) -> 1.9604081e+08 | M39: =SUM(M35:M38) -> 0 | N39: =SUM(N35:N38) -> 0 | O39: =SUM(O35:O38) -> 0 | P39: =SUM(P35:P38) -> 0 | Q39: =SUM(Q35:Q38) -> 0 | R39: =SUM(R34:R38) -> 8.1908121e+08 | S39: =SUM(G39:Q39)-R39 -> 0
B40: Total EBITDA | G40: =G31-G39 -> 2130700000 | H40: =H31-H39 -> 254100000 | I40: =I31-I39 -> 300596000 | J40: =J31-J39 -> 100387920 | K40: =K31-K39 -> 1.0017568e+08 | L40: =L31-L39 -> 99959192 | M40: =M31-M39 -> 0 | N40: =N31-N39 -> 0 | ... R40: =R31-R39 -> 2.9859188e+09 | S40: =SUM(G40:Q40)-R40 -> 0
B41: Ebitda margin | H41: =H40/H31 -> 0.91304348 | I41: =I40/I31 -> 0.60604032 | J41: =J40/J31 -> 0.33914838 | K41: =K40/K31 -> 0.33843135 | L41: =L40/L31 -> 0.33769997 | M41: =M40/M31 -> #DIV/0! | N41: =N40/N31 -> #DIV/0! | O41: =O40/O31 -> #DIV/0! | ... R41: =R40/R31 -> 0.78473556
B43: Depreciation Expense | H43: =H71 -> 0 | I43: =I71 -> 0 | J43: =J71 -> 0 | K43: =K71 -> 0 | L43: =L71 -> 0 | M43: =M71 -> 0 | N43: =N71 -> 0 | O43: =O71 -> 0 | ... Q43: =Q71 -> 0 | R43: =SUM($G43:Q43) -> 0
B44: Total EBIT | G44: =G40-G43 -> 2130700000 | H44: =H40-H43 -> 254100000 | I44: =I40-I43 -> 300596000 | J44: =J40-J43 -> 100387920 | K44: =K40-K43 -> 1.0017568e+08 | L44: =L40-L43 -> 99959192 | M44: =M40-M43 -> 0 | N44: =N40-N43 -> 0 | ... R44: =R40-R43 -> 2.9859188e+09 | S44: =SUM(G44:Q44)-R44 -> 0
B45: Interest Expense | G45: =PARAMETER!B5 -> 12228890 | H45: =PARAMETER!C5 -> 22012002 | I45: =PARAMETER!D5 -> 17120446 | J45: =PARAMETER!E5 -> 12228890 | K45: =PARAMETER!F5 -> 7337334 | L45: =PARAMETER!G5 -> 2445778 | R45: =SUM($G45:Q45) -> 73373340
B46: EBT | G46: =G44-G45 -> 2118471110 | H46: =H44-H45 -> 232087998 | I46: =I44-I45 -> 283475554 | J46: =J44-J45 -> 88159030 | K46: =K44-K45 -> 92838344 | L46: =L44-L45 -> 97513414 | M46: =M44-M45 -> 0 | N46: =N44-N45 -> 0 | ... Q46: =Q44-Q45 -> 0 | R46: =SUM($G46:Q46) -> 2.9125455e+09 | S46: =SUM(G46:Q46)-R46 -> 0
B47: Tax Expense | G47: =IF(G46<0,0,G46*$F$3) -> 42369422 | H47: =IF(H46<0,0,H46*$F$3) -> 4641760 | I47: =IF(I46<0,0,I46*$F$3) -> 5669511.1 | J47: =IF(J46<0,0,J46*$F$3) -> 1763180.6 | K47: =IF(K46<0,0,K46*$F$3) -> 1856766.9 | L47: =IF(L46<0,0,L46*$F$3) -> 1950268.3 | M47: =IF(M46<0,0,M46*$F$3) -> 0 | N47: =IF(N46<0,0,N46*$F$3) -> 0 | ... Q47: =IF(Q46<0,0,Q46*$F$3) -> 0 | R47: =SUM($G47:Q47) -> 58250909
B48: Net Income | G48: =G46-G47 -> 2.0761017e+09 | H48: =H46-H47 -> 2.2744624e+08 | I48: =I46-I47 -> 2.7780604e+08 | J48: =J46-J47 -> 86395849 | K48: =K46-K47 -> 90981578 | L48: =L46-L47 -> 95563146 | M48: =M46-M47 -> 0 | N48: =N46-N47 -> 0 | ... R48: =R46-R47 -> 2.8542945e+09 | S48: =SUM(G48:Q48)-R48 -> 0
B50: Capex | G50: =-G13+-G15+-G14 -> -1814480133 | H50: =-H16 -> 0 | I50: =-I16 -> -150000000 | J50: =-J15 -> 0 | K50: =-K15 -> 0 | L50: =-L15 -> 0 | M50: =-M15 -> 0 | N50: =-N15 -> 0 | O50: =-O15 -> 0 | P50: =-P15 -> 0 | Q50: =-Q15 -> 0 | R50: =SUM($G$50:Q50) -> -1964480133
B51: FCFF | G51: =G50+G48+G43 -> 2.6162155e+08 | H51: =H50+H48+H43 -> 2.2744624e+08 | I51: =I50+I48+I43 -> 1.2780604e+08 | J51: =J50+J48+J43 -> 86395849 | K51: =K50+K48+K43 -> 90981578 | L51: =L50+L48+L43 -> 95563146 | M51: =M50+M48+M43 -> 0 | N51: =N50+N48+N43 -> 0 | ... Q51: =Q50+Q48+Q43 -> 0 | R51: =SUM($G$51:Q51) -> 8.8981441e+08
B52: Accumulated FCF | G52: =F52+G51 -> 2.6162155e+08 | H52: =G52+H51 -> 4.8906779e+08 | I52: =H52+I51 -> 6.1687384e+08 | J52: =I52+J51 -> 7.0326969e+08 | K52: =J52+K51 -> 7.9425126e+08 | L52: =K52+L51 -> 8.8981441e+08 | M52: =L52+M51 -> 8.8981441e+08 | N52: =M52+N51 -> 8.8981441e+08 | ... Q52: =P52+Q51 -> 8.8981441e+08
B53: PBP | G53: =IF(AND(F52<0,G52>0),H59-(G52/G51),0) -> 0 | H53: =IF(AND(G52<0,H52>0),I59-(H52/H51),0) -> 0 | I53: =IF(AND(H52<0,I52>0),J59-(I52/I51),0) -> 0 | J53: =IF(AND(I52<0,J52>0),K59-(J52/J51),0) -> 0 | K53: =IF(AND(J52<0,K52>0),L59-(K52/K51),0) -> 0 | L53: =IF(AND(K52<0,L52>0),M59-(L52/L51),0) -> 0 | M53: =IF(AND(L52<0,M52>0),N59-(M52/M51),0) -> 0 | N53: =IF(AND(M52<0,N52>0),O59-(N52/N51),0) -> 0 | O53: =IF(AND(N52<0,O52>0),P59-(O52/O51),0) -> 0 | Q53: =IF(AND(O52<0,Q52>0),R59-(Q52/Q51),0) -> 0
B55: IRR | F55: Positive
B56: NPV | F56: =NPV(F4,G51:Q51)+F51 -> 6.9127728e+08
B57: EBITDA margin | F57: =R41 -> 0.78473556
B58: Payback | F58: =SUM(G53:Q53) -> 0
G59: 1 | H59: 2 | I59: 3 | J59: 4 | K59: 5 | L59: 6 | M59: 6 | N59: 7 | O59: 8 | P59: 9 | Q59: 10
B60: Depreciation Calculation | E60: no of Year depreciated | G60: =G18 -> 2024 | H60: =H18 -> 2025 | I60: =I18 -> 2026 | J60: =J18 -> 2027 | K60: =K18 -> 2028 | L60: =L18 -> 2029 | M60: =M18 -> 2030 | N60: =N18 -> 2031 | ... Q60: =Q18 -> 2034 | R60: Total
D61: Year 1 | E61: 5 | R61: =SUM($G61:Q61) -> 0
D62: Year 2 | E62: 4 | I62: =I15/E62 -> 0 | J62: =I62 -> 0 | K62: =J62 -> 0 | L62: =K62 -> 0 | M62: =L62 -> 0 | N62: =M62 -> 0 | O62: =N62 -> 0 | P62: =O62 -> 0 | Q62: =P62 -> 0 | R62: =SUM($G62:Q62) -> 0
D63: Year 3 | E63: 3 | J63: =J15/$E63 -> 0 | K63: =J63 -> 0 | L63: =K63 -> 0 | M63: =L63 -> 0 | N63: =M63 -> 0 | O63: =N63 -> 0 | P63: =O63 -> 0 | Q63: =P63 -> 0 | R63: =SUM($G63:Q63) -> 0
D64: Year 4 | E64: 2 | K64: =K15/$E64 -> 0 | L64: =K64 -> 0 | M64: =L64 -> 0 | N64: =M64 -> 0 | O64: =N64 -> 0 | P64: =O64 -> 0 | Q64: =P64 -> 0 | R64: =SUM($G64:Q64) -> 0
D65: Year 5 | E65: 1 | L65: =K$13/$E65 -> 0 | M65: =L65 -> 0 | N65: =M65 -> 0 | O65: =N65 -> 0 | P65: =O65 -> 0 | R65: =SUM($G65:Q65) -> 0
D66: Year 6 | E66: 5 | M66: =L$13/$E66 -> 0 | N66: =M66 -> 0 | O66: =N66 -> 0 | P66: =O66 -> 0 | R66: =SUM($G66:Q66) -> 0
D67: Year 7 | E67: 4 | N67: =M$13/$E67 -> 0 | O67: =N67 -> 0 | P67: =O67 -> 0 | R67: =SUM($G67:Q67) -> 0
D68: Year 8 | E68: 3 | O68: =N$13/$E68 -> 0 | P68: =O68 -> 0 | R68: =SUM($G68:Q68) -> 0
D69: Year 9 | E69: 2 | P69: =O$13/$E69 -> 0 | R69: =SUM($G69:Q69) -> 0
D70: Year 10 | E70: 1 | R70: =SUM($G70:Q70) -> 0
B71: Total Depreciation | H71: =SUM(H61:H70) -> 0 | I71: =SUM(I61:I70) -> 0 | J71: =SUM(J61:J70) -> 0 | K71: =SUM(K61:K70) -> 0 | L71: =SUM(L61:L70) -> 0 | M71: =SUM(M61:M70) -> 0 | N71: =SUM(N61:N70) -> 0 | O71: =SUM(O61:O70) -> 0 | ... R71: =SUM(R61:R70) -> 0

Sheet PARAMETER
B1: Year 1 | C1: Year 2 | D1: Year 3 | E1: Year 4 | F1: Year 5 | G1: Year 6 | H1: Year 7 | I1: Year 8 | J1: Year 9 | K1: Year 10
A2: loan | B2: ='IRR '!R17 -> 244577800 | C2: =$B$2-$B$4 -> 195662240 | D2: =$C$2-$B$4 -> 146746680 | E2: =$D$2-$B$4 -> 97831120 | F2: =$E$2-$B$4 -> 48915560 | G2: =F2-B4 -> 0
A3: Period (thn) | B3: 5
A4: Installment/thn | B4: =$B$2/$B$3 -> 48915560
A5: Interest | B5: =(($B$2*'IRR with FO'!$F$4)*6)/12 -> 12228890 | C5: =AVERAGE($B$2:$C$2)*'IRR with FO'!$F$4 -> 22012002 | D5: =AVERAGE($C$2:$D$2)*'IRR with FO'!$F$4 -> 17120446 | E5: =AVERAGE($D$2:$E$2)*'IRR with FO'!$F$4 -> 12228890 | F5: =AVERAGE($E$2:$F$2)*'IRR with FO'!$F$4 -> 7337334 | G5: =AVERAGE($F$2:$G$2)*'IRR with FO'!$F$4 -> 2445778
A6: loan | B6: ='IRR with FO'!R19 -> 0
A7: Period (thn)
A8: Installment/thn | C8: =C6/D7 -> #DIV/0!
A9: Interest | C9: =((C6*'IRR with FO'!$F$4)*6)/12 -> 0
B12: =B5+B9 -> 12228890 | C12: =C5+C9 -> 22012002 | D12: =D5+D9 -> 17120446 | E12: =E5+E9 -> 12228890 | F12: =F5+F9 -> 7337334 | G12: =G5+G9 -> 2445778 | H12: =H5+H9 -> 0
A14: SG&A | B14: 10000000 | C14: =B14+C15 -> 10200000 | D14: =C14+D16 -> 10404000 | E14: =D14+E16 -> 10612080 | F14: =E14+F16 -> 10824322 | G14: =F14+G16 -> 11040808 | H14: =G14+H16 -> 11261624 | I14: =H14+I16 -> 11486857 | J14: =I14+J16 -> 11716594 | K14: =J14+K16 -> 11950926
A15: 0.02 | C15: =C16 -> 200000 | D15: =C15+D16 -> 404000 | E15: =D15+E16 -> 612080 | F15: =E15+F16 -> 824321.6 | G15: =F15+G16 -> 1040808 | H15: =G15+H16 -> 1261624.2 | I15: =H15+I16 -> 1486856.7 | J15: =I15+J16 -> 1716593.8 | K15: =J15+K16 -> 1950925.7
C16: =B14*$A$15 -> 200000 | D16: =C14*$A$15 -> 204000 | E16: =D14*$A$15 -> 208080 | F16: =E14*$A$15 -> 212241.6 | G16: =F14*$A$15 -> 216486.43 | H16: =G14*$A$15 -> 220816.16 | I16: =H14*$A$15 -> 225232.48 | J16: =I14*$A$15 -> 229737.13 | K16: =J14*$A$15 -> 234331.88
F21: person | G21: trip | H21: kamar | I21: Days by Omni | J21: Biaya walktest inhouse/visit | K21: Biaya walktest inhouse/thn
E22: Diisikan | F22: 1 | G22: 1 | H22: 1 | I22: 266
B23: Transport | C23: Pesawat | D23: =C34 -> 3000000 | E23: person | F23: =F22 -> 1 | J23: =F23*D23 -> 3000000
C24: Bandara | D24: 600000 | E24: person | F24: =F22 -> 1 | I24: =IF($I$14<=120,2,IF($I$14>220,4,3)) -> 4 | J24: =D24*F24 -> 600000
C25: Transport | D25: 200000 | E25: Trip | G25: =G22 -> 1 | J25: =G25*D25 -> 200000
B26: Hotel | C26: Hotel | D26: 450000 | E26: kamar | F26: =F22 -> 1 | H26: =H22 -> 1 | I26: =IF($I$14<=120,2,IF($I$14>220,4,3)) -> 4 | J26: =H26*D26*I26 -> 1800000
B27: Uang Saku | C27: Uang Saku | D27: 120000 | E27: person | F27: =F22 -> 1 | I27: =IF($I$14<=120,2,IF($I$14>220,4,3)) -> 4 | J27: =I27*D27*F27 -> 480000
J28: =SUM(J23:J27) -> 6080000 | K28: =J28*2 -> 12160000
B32: PM/Year/Site | C32: Pesawat | E32: Asumsi:
A33: Sulut | B33: 16800000 | C33: 4000000 | E33: Walktest 4x dalam setahun semua operator sekaligus
A34: Makasar | C34: 3000000 | E34: Walktest pertama oleh vendor | I34: 10000000
A35: Bali | B35: 15600000 | C35: 2500000 | E35: Walktest pertama oleh vendor | H35: Pekanbaru | I35: 12000000
A36: Jatim | B36: 15000000 | C36: 2000000 | E36: Walktest pertama oleh vendor | H36: Sumut | I36: 14000000
A37: Jateng | B37: 15000000 | C37: 1850000 | E37: Walktest pertama oleh vendor | H37: Sulsel | I37: 14000000
A38: Jabar | B38: 12000000 | C38: 1200000 | E38: Walktest pertama oleh vendor | H38: Sulut | I38: 17000000
A39: Kalimantan | B39: 16800000 | C39: 2000000 | E39: Walktest pertama oleh vendor | H39: Kalimantan | I39: 14000000
A40: Sumatera | B40: 15720000 | C40: 3500000
A41: Palembang | C41: 2800000
A42: Jabodetabek | B42: 0 | C42: 0 | D42: Inhouse
B44: CM /Year/Oprt
B45: 7000000 | D45: =B45/12 -> 583333.33
A50: LISTRIK
A51: Listrik/Oprt/year DAS+1Pole 3sektor
A52: 0-100 | B52: 36000000
A53: 101-200 | B53: 42000000
A54: 201- | B54: 48000000 | C54: =B54/12 -> 4000000
A56: Listrik/Oprt/year DAS+2Pole 6sektor
A57: 0-200 | B57: 75000000
A58: 201- | B58: 95000000

Sheet BOQ Liwo Kota Wisata
B1: BOQ - NEW DAS - HOTEL KOTA WISATA CIBUBUR
B2: Date: | C2: 45567
B3: PT. Infrastruktur Bisnis Sejahtera
B5: No. | C5: Item Work | D5: UoM | E5: Volume | F5: Unit Price Material | G5: Unit Price Jasa | H5: UNIT PRICE MATERIAL+JASA | I5: Total Price
B8: I. | C8: RF
B9: A | C9: ANTENNAS (LOW PIM)
B10: 1 | C10: Omnidirectional Antenna 698-960/1710-2700 MHz Gain min 5dBi / 360 deg Female Connector with pigtail | D10: PCS | E10: 53 | F10: 194250 | G10: 20000 | H10: =F10+G10 -> 214250 | I10: =E10*H10 -> 11355250
B11: 2 | C11: Directional Panel Antenna, 806-960/1710-2700 MHz Gain min 7 dBi/65deg with Mounting Plate | D11: PCS | E11: 2 | F11: 194250 | G11: 20000 | H11: =F11+G11 -> 214250 | I11: =E11*H11 -> 428500
B12: 2 | C12: Directional Panel Antenna, 806-960/1710-2700 MHz Gain min 11 dBi/65deg with Mounting Plate | D12: PCS | F12: 2500000 | G12: 20000 | H12: =F12+G12 -> 2520000 | I12: =E12*H12 -> 0
B13: B | C13: POWER SPLITTERS (LOW PIM)
B14: 1 | C14: Multiband 2-way power splitter with wall mounting bracket, 200W, N-female connectors, 698-2700 MHz | D14: PCS | F14: 273000 | G14: 20000 | H14: =F14+G14 -> 293000 | I14: =E14*H14 -> 0
B15: 2 | C15: Multiband 3-way power splitter with wall mounting bracket, 200W, N-female connectors, 698-2700 MHz | D15: PCS | E15: 12 | F15: 288750 | G15: 20000 | H15: =F15+G15 -> 308750 | I15: =E15*H15 -> 3705000
B16: 3 | C16: Multiband 4-way power splitter with wall mounting bracket, 200W, N-female connectors, 698-2700 MHz | D16: PCS | E16: 10 | F16: 315000 | G16: 20000 | H16: =F16+G16 -> 335000 | I16: =E16*H16 -> 3350000
B17: C | C17: POWER COUPLERS (LOW PIM)
B18: 1 | C18: Multiband 7 dB power coupler with wall mounting bracket, 200W, N-female connectors, 698-2700 MHz | D18: PCS | F18: 492450 | G18: 20000 | H18: =F18+G18 -> 512450 | I18: =E18*H18 -> 0
B19: C | C19: COMBINER & POI (LOW PIM)
B20: 1 | C20: Multiband Matrix Combiner 4in 4out, max Insertion loss -6 dB, 300-500 Watt per-port, 698-2700 MHz DIN type | D20: PCS | F20: 5775000 | G20: 50000 | H20: =F20+G20 -> 5825000 | I20: =E20*H20 -> 0
B21: D | C21: CONNECTORS (LOW PIM)
B22: 1 | C22: N-male connector for 1/2" feeder cable 800-3000 MHz | D22: PCS | E22: 78 | F22: 67200 | G22: 20000 | H22: =F22+G22 -> 87200 | I22: =E22*H22 -> 6801600
B23: 2 | C23: N-male connector for 7/8" feeder cable 800-3000 MHz | D23: PCS | E23: 52 | F23: 103950 | G23: 20000 | H23: =F23+G23 -> 123950 | I23: =E23*H23 -> 6445400
B24: 3 | C24: N-male connector for 1 5/8" feeder cable 800-5000 MHz | D24: PCS | E24: 2 | F24: 315000 | G24: 20000 | H24: =F24+G24 -> 335000 | I24: =E24*H24 -> 670000
B25: E | C25: JUMPER CABLES (LOW PIM)
B26: 1 | C26: 0.3m 1/2" superflexible jumper cable with N-male and N-male connector 800-3000 MHz (NM - NM) | D26: PCS | E26: 11 | F26: 105000 | G26: 25000 | H26: =F26+G26 -> 130000 | I26: =E26*H26 -> 1430000
B27: 2 | C27: 1m 1/2" superflexible jumper cable with N-male and N-female connector 800-3000 MHz (NM - NF) | D27: PCS | E27: 29 | F27: 120000 | G27: 25000 | H27: =F27+G27 -> 145000 | I27: =E27*H27 -> 4205000
B28: 3 | C28: 3m 1/2" superflexible jumper cable with N-female and 7/16" DIN-male connector 800-3000 MHz (NF - DM) | D28: PCS | E28: 1 | F28: 180000 | G28: 25000 | H28: =F28+G28 -> 205000 | I28: =E28*H28 -> 205000
B29: 4 | C29: 3m 1/2" superflexible jumper cable with N-male and 7/16" DIN-male connector 800-3000 MHz (NM - DM) | D29: PCS | F29: 180000 | G29: 25000 | H29: =F29+G29 -> 205000 | I29: =E29*H29 -> 0
B30: F | C30: FEEDER
B31: 1 | C31: 1/2" Feeder Cable | D31: M | E31: 683 | F31: 28350 | G31: 13000 | H31: =F31+G31 -> 41350 | I31: =E31*H31 -> 28242050
B32: 2 | C32: 7/8" Feeder Cable | D32: M | E32: 1140 | F32: 65000 | G32: 15000 | H32: =F32+G32 -> 80000 | I32: =E32*H32 -> 91200000
B33: 3 | C33: 1 5/8" Feeder Cable | D33: M | E33: 80 | F33: 150000 | G33: 17000 | H33: =F33+G33 -> 167000 | I33: =E33*H33 -> 13360000
B34: II. | C34: CME
B35: A | C35: GROUNDING KIT
B36: 1 | C36: Grounding Kit for 7/8" Feeder Cable (Type KMT) | D36: PCS | F36: 250000 | G36: 50000 | H36: =F36+G36 -> 300000 | I36: =E36*H36 -> 0
B37: 2 | C37: Grounding Kit for 1 5/8" Feeder Cable (Type KMT) | D37: PCS | E37: 1 | F37: 500000 | G37: 50000 | H37: =F37+G37 -> 550000 | I37: =E37*H37 -> 550000
B38: B | C38: FEEDER HANGER & CLAMP
B39: 1 | C39: Clamp for Feeder Cable 1/2" feeder for Indoor (Stainless Steel) | D39: PCS | E39: 200 | F39: 5000 | G39: 2000 | H39: =F39+G39 -> 7000 | I39: =E39*H39 -> 1400000
B40: 2 | C40: Clamp for Feeder Cable 7/8" feeder for Indoor (Stainless Steel) | D40: PCS | E40: 50 | F40: 6500 | G40: 2000 | H40: =F40+G40 -> 8500 | I40: =E40*H40 -> 425000
B41: 3 | C41: Clamp for Feeder Cable 1 1/4" Indoor (Steinless Steel) | D41: PCS | F41: 7500 | G41: 2000 | H41: =F41+G41 -> 9500 | I41: =E41*H41 -> 0
B42: 4 | C42: Mounting Bracket for Omni Antenna & Directional Antenna | D42: PCS | E42: 2 | F42: 125000 | G42: 20000 | H42: =F42+G42 -> 145000 | I42: =E42*H42 -> 290000
B43: 5 | C43: Mounting Bracket for Splitter | D43: PCS | E43: 22 | F43: 125000 | G43: 20000 | H43: =F43+G43 -> 145000 | I43: =E43*H43 -> 3190000
B44: 6 | C44: Manhole 4x4 (Buka dan Tutup Plafon) Permanent | D44: PCS | F44: 250000 | H44: =F44+G44 -> 250000 | I44: =E44*H44 -> 0
B45: 7 | C45: Manhole 4x4 (Buka dan Tutup Plafon) Temporary | D45: PCS | E45: 20 | F45: 175000 | H45: =F45+G45 -> 175000 | I45: =E45*H45 -> 3500000
B46: 8 | C46: Firestop (bongkar & Pasang kembali-3" inch Hole) | D46: PCS | E46: 11 | F46: 250000 | H46: =F46+G46 -> 250000 | I46: =E46*H46 -> 2750000
B47: C | C47: CABLE TRAY, CABAL TRAY , PIPE, KUBIKAL CONCRETE & CORING for ROUTING CABLE
C48: A. CABLE TRAY & CANAL "C" ELECTROPLATING (type C)
B49: 1 | C49: HD-Galvanized Ladder Tray W=150mm H=100mm, include accessories (Bracket Mounting + Hangger + Bolt & Nut) | D49: M | E49: 21 | F49: 325000 | G49: 30000 | H49: =F49+G49 -> 355000 | I49: =E49*H49 -> 7455000
C50: a) Horizontal Elbow | D50: PCS | E50: 2 | F50: 195000 | G50: 30000 | H50: =F50+G50 -> 225000 | I50: =E50*H50 -> 450000
C51: B. COVER CABLE & LADDER TRAY HOT DEEP GALVANIZED
C52: HD Galvanized Cover Tray w=150mm + Clamp Cover + Bolt & nut | D52: M | E52: 21 | F52: 200000 | G52: 30000 | H52: =F52+G52 -> 230000 | I52: =E52*H52 -> 4830000
C53: HD Galvanized Cover Horizontal Elbow Tray w=150mm | D53: PCS | E53: 2 | F53: 150000 | G53: 30000 | H53: =F53+G53 -> 180000 | I53: =E53*H53 -> 360000
B54: 2 | C54: Dudukan Kabel Tray @ 100 x 250x100 mm | D54: M | E54: 0.1 | F54: 4300000 | G54: 500000 | H54: =F54+G54 -> 4800000 | I54: =E54*H54 -> 480000
B55: D | C55: MISCELLANEOUS New DAS | D55: LS | E55: 1 | F55: 2500000 | H55: =F55+G55 -> 2500000 | I55: =E55*H55 -> 2500000
C56: a. Heatshrink
C57: b.Cable Ties | E57: 123
C58: c. Tapes | E58: 1018
C59: d. Adhosive Sealer
C60: e. Marking Label (Label Antenna, Spliter & Logo IBS for Antenna & Feeder)
B61: III | C61: IMPLEMENTATION SERVICES
B62: 1 | C62: Coordination Fee (building coordination fee, site clearing, surcharge fee, security, etc) | D62: LS | E62: 1 | F62: 5000000 | H62: =F62+G62 -> 5000000 | I62: =E62*H62 -> 5000000
B63: 2 | C63: Testing & Commissioning Multy Operator (CDMA 800 MHz - LTE 2390MHz ) (New Das) | D63: LS | E63: 1 | F63: 10000000 | H63: =F63+G63 -> 10000000 | I63: =E63*H63 -> 10000000
B64: 3 | C64: As Built Drawing & Reporting New DAS | D64: LS | E64: 1 | F64: 3000000 | H64: =F64+G64 -> 3000000 | I64: =E64*H64 -> 3000000
B65: 4 | C65: Delivery Material Inbuilding (Loading & Unloading) | D65: LS | E65: 1 | G65: 3500000 | H65: =F65+G65 -> 3500000 | I65: =E65*H65 -> 3500000
B66: 5 | C66: Coordination Fee for Implementation: | D66: LS | E66: 1 | G66: 3000000 | H66: =F66+G66 -> 3000000 | I66: =E66*H66 -> 3000000
C67: - Building Supervision & Coordination Fee
C68: - Site clearing, surcharge fee, security, etc
B69: B | C69: MECHANICAL & ELECTRICAL (ME)
B70: 10 | C70: Supply & Installation Power Cable NYY 4x25mm 3 Phase, Panel Building Existing to MDP INDUK Combiner Room | D70: M | F70: 285000 | G70: 20000 | H70: =F70+G70 -> 305000 | I70: =E70*H70 -> 0
B71: E | C71: Panel ACPDB 13,2 kVA + Arrester Protection (1 SET = item 1-20) | D71: 1 SET | F71: 17500000 | G71: 300000 | H71: =F71+G71 -> 17800000 | I71: =E71*H71 -> 0
B72: 1 | C72: Panel box MDP dimension 600x400x210 mm IP 65 standard, broken white coloured with powder coating + phase indicator lamp complete with accessories (fuse, cable 8mm2, cable shoe, MCB rail 3 phase, Terminals , cable ducting, label, cover, lock set) | D72: UNIT
C73: MCB
C74: - MCB 20A 3P type C60N for Main MCB | D74: 1 PCS
C75: - MCB 16A 3P type C60a for Output (Rectifier) | D75: 1 PCS
C76: - MCB 20A 3P type C60a for Output (Spare Rectifier) | D76: 1 PCS
C77: - MCB 10A 1P type C60a for Output Spare | D77: 1 PCS
C78: - MCB 6A 1P type C60a for AC.1 | D78: 1 PCS
C79: - MCB 6A 1P type C60a for AC.2 | D79: 1 PCS
C80: - MCB 6A 1P type C60a for Output Spare | D80: 1 PCS
C81: - MCB 6A 1P type C60a for PAF | D81: 1 PCS
C82: - MCB 6A 1P type C60a for Outlet | D82: 1 PCS
C83: - MCB 6A 1P type C60a for Lighting/Lamp | D83: 1 PCS
C84: - MCB 6A 1P type C60a for AC Control | D84: 1 PCS
C85: - MCB 6A 1P type C60a for Output Spare | D85: 1 PCS
B86: 2 | C86: Surge Voltage Protection / Arrester | D86: 1 SET
B87: 3 | C87: Relay LY2, phase R,S,T and Contactor AC | D87: 4 PCS
B88: 4 | C88: Relay DC, 12 Volt MY4 | D88: 1 PCS
B89: 5 | C89: Fuse for INDICATOR LAMP | D89: 4 PCS
B90: 6 | C90: Indicator Lamp LED 220 VAC | D90: 5 PCS
B91: 7 | C91: Volt meter 72x72 (0-400 V) | D91: 1 PCS
B92: 8 | C92: Selector Volt 220 VAC | D92: 1 PCS
B93: 9 | C93: AC Magnetic Contactor, 3 pool Telemecanique type LC1-D09 M7 | D93: 2 PCS
B94: 10 | C94: AC Timer merk Theben Sul 18 TH, 220V, 24 Hours or merk Hager EH 111 | D94: 1 PCS
B95: 11 | C95: Terminal Block for ALARM (2,5mm) | D95: 1 PCS
B96: 12 | C96: Penahan Material (Stopper) | D96: 12 PCS
B97: 13 | C97: Bus Bar Grounding 20x3mm Import Japan | D97: 1 PCS
... B103: 19 | C103: Bolt + Nut & Accessories | D103: 1 LOT
B104: F | C104: POWER & LIGHT INSTALLATION (1 SET = item 1 - 6) | D104: SET | F104: 3000000 | G104: 500000 | H104: =F104+G104 -> 3500000 | I104: =E104*H104 -> 0
B105: 1 | C105: Philips Electronic Balast PLE-C18 Watt complete with Fitting | D105: 4 PCS
B106: 2 | C106: Phillip TL 2x18 Watt + Cage | D106: 4 PCS
B107: 3 | C107: Lamp Switch CLIPSAL or MK 15 A Outbow Series | D107: 1 PCS
B108: 4 | C108: Photo Cell Electric LUMINA 3A (for Outdoor Lamp) | D108: 1 PCS
...
